 Dungeon Crawl Stone Soup version 0.20-a0-286-gae82e34 (webtiles) character file.

166 Junicave the Digger (level 5, -8/42 HPs)
             Began as a Gargoyle Earth Elementalist on Dec 14, 2016.
             Killed from afar by an orc wizard (11 damage)
             ... with a puff of flame
             ... on level 3 of the Dungeon.
             The game lasted 00:12:09 (4438 turns).

Junicave the Digger (Gargoyle Earth Elementalist)   Turns: 4438, Time: 00:12:10

Health: -8/42      AC: 10    Str: 17    XL:     5   Next: 47%
Magic:  3/10       EV: 12    Int: 16    God:
Gold:   80         SH:  3    Dex: 10    Spells: 7/11 levels left

rFire  . . .     SeeInvis .     v - +2 hand axe (chop)
rCold  . . .     Gourm    .     c - +0 robe
rNeg   + . .     Faith    .     (no shield)
rPois  ∞         Spirit   .     m - +0 helmet (curse)
rElec  +         Reflect  +     y - +2 cloak {rPois}
rCorr  .         Harm     .     (no gloves)
MR     .....                    (no boots)
Stlth  ..........               g - +3 amulet of reflection
                                (no ring)
                                (no ring)

@: mighty, berserking, very quick
A: negative energy resistance 1, electricity resistance, unbreathing,
petrification resistance, rot immunity, AC +4
a: no special abilities


You were on level 3 of the Dungeon.
You were hungry.

You visited 1 branch of the dungeon, and saw 3 of its levels.

You collected 80 gold pieces.

Inventory:

Hand Weapons
 r - a +0 whip
 v - a +2 hand axe of chopping (weapon)
 w - a +0 mace
 x - a +0 flail
Missiles
 b - 66 stones (quivered)
Armour
 c - a +0 robe (worn)
 m - a cursed +0 helmet (worn)
 y - a +2 cloak of poison resistance (worn)
Jewellery
 g - a +3 amulet of reflection (around neck)
Wands
 A - a wand of iceblast (10/15)
Scrolls
 a - a scroll of magic mapping {unknown}
 f - a scroll of enchant weapon {unknown}
 i - a scroll of teleportation {unknown}
 j - 2 scrolls of remove curse {unknown}
 n - 2 scrolls of identify {unknown}
 q - a scroll of fog {unknown}
 s - a scroll of noise {unknown}
 C - a scroll of recharging {unknown}
Potions
 l - a potion of brilliance {unknown}
 o - a potion of might
 p - a potion of agility
 t - a potion of berserk rage
 z - a potion of invisibility {unknown}
 B - a potion of curing {unknown}
Books
 e - a book of Geomancy

   Spells                             Type                      Level
   a - Sandblast                      Earth                        1
   b - Passwall                       Transmutation/Earth          2
   c - Stone Arrow                    Conjuration/Earth            3
   d - Petrify                        Transmutation/Earth          4
   e - Lee's Rapid Deconstruction     Earth                        5
Comestibles
 d - a bread ration
 h - 2 fruits
 k - a meat ration


   Skills:
 - Level 1.5 Dodging
 - Level 2.1 Stealth
 * Level 3.9 Spellcasting
 + Level 1.8 Conjurations
   Level 0.7 Transmutations
 + Level 5.0 Earth Magic


You had 7 spell levels left.
You knew the following spells:

 Your Spells              Type           Power        Failure   Level  Hunger
a - Sandblast             Erth           ###...       1%          1    None
b - Stone Arrow           Conj/Erth      ##....       14%         3    ###....


Dungeon Overview and Level Annotations

Branches:
Dungeon (3/15)

Altars:


Innate Abilities, Weirdness & Mutations

You are resistant to torment.
Your stone body is resilient. (AC +4)
You are immune to poison.
You resist negative energy. (rN+)
You are resistant to electric shocks. (rElec)
You can survive without breathing.
You are immune to petrification.
You are immune to rotting.


Message History

* * * LOW HITPOINT WARNING * * *
You are confused.
You bump into the rock wall.
Something hits you.
* * * LOW HITPOINT WARNING * * *
It was a potion of might.
You feel very mighty all of a sudden.
You feel less confused. Something hits you but does no damage.
It was a potion of berserk rage.
A red film seems to cover your vision as you go berserk!
You feel yourself moving faster!
You feel mighty! The orc barely misses you.
Something hits you but does no damage.
You are too berserk!
You slash the orc!
You kill the orc!
You hit something.
You hear some strange, mumbled words.
A puff of flame appears from out of thin air!
The puff of flame hits you!
You die...

#....# .# #.####
.# #.# .# #.# .#
#.#### .# #....#
.# ##....##.#
#........#
#....@...#
#...)...## ..
##....### ...
#....# #.# #.#.##
#.# #.#.# #.#
####.#.# ####.#
#..o.#.#
.....#####.####.#


There were no monsters in sight!

Vanquished Creatures
  An orc wizard (D:3)
  Terence (D:3)
  3 adders
  2 oozes (D:1)
  3 worms (D:2)
  A dart slug (D:1)
  A leopard gecko (D:2)
  5 orcs (D:3)
  7 bats
  3 giant cockroaches
  5 goblins
  5 hobgoblins
  3 jackals
  8 kobolds
  5 frilled lizards
  7 rats
  A plant (D:1)
61 creatures vanquished.

Notes
Turn   | Place    | Note
-------+----------+-------------------------------------------
     0 | D:1      | Junicave the Gargoyle Earth Elementalist began the quest for the Orb.
     0 | D:1      | Reached XP level 1. HP: 10/10 MP: 3/3
   179 | D:1      | Reached XP level 2. HP: 11/15 MP: 3/5
   554 | D:1      | Reached skill level 4 in Earth Magic
  1147 | D:1      | Reached XP level 3. HP: 18/19 MP: 4/7
  1671 | D:2      | Reached XP level 4. HP: 23/24 MP: 3/8
  1681 | D:2      | Learned a level 3 spell: Stone Arrow
  3550 | D:2      | Reached skill level 1 in Conjurations
  4251 | D:3      | Noticed Terence
  4310 | D:3      | Killed Terence
  4310 | D:3      | Reached XP level 5. HP: 28/28 MP: 3/10
  4412 | D:3      | Reached skill level 5 in Earth Magic
  4438 | D:3      | Killed from afar by an orc wizard

Vault maps used:
D:1:      moated_graveyard_arrival, serial_bayou_ford_a
D:2:      minmay_pentomino_q4
D:3:      uniq_terence

Skill      XL: |  1  2  3  4  5 |
---------------+----------------+-----
Earth Magic    | 4 5 |  5.0
Spellcasting   | 3 |  3.9
Conjurations   | 1 |  1.8
Dodging        | |  1.5
Stealth        | |  2.1
Transmutations | |  0.7

Action                   |  1- 3 |  4- 6 || total
-------------------------+-------+-------++-------
Melee: Unarmed           |     9 |       ||     9
       Club              |   143 |    16 ||   159
       Whip              |       |    13 ||    13
       Hand axe          |       |    16 ||    16
 Cast: Sandblast         |    55 |    31 ||    86
       Stone Arrow       |       |     9 ||     9
  Use: Potion            |       |     2 ||     2
 Stab: Sleeping          |     3 |     1 ||     4
       Distracted        |     1 |       ||     1
  Eat: Chunk             |     3 |     7 ||    10
       Fruit             |       |     2 ||     2
Armor: Robe              |    43 |    18 ||    61
Dodge: Dodged            |    78 |    44 ||   122
Block: Other             |       |     3 ||     3
       Reflection        |       |     1 ||     1
